 Dungeon Crawl Stone Soup version 0.28-a0-706-gf6f64a616a (webtiles) character file.

Game seed: 13859046457752297576

165 KoroneIsBestGirl the Chiller (level 5, 0/35 HPs)
             Began as a Barachi Ice Elementalist on Oct 24, 2021.
             Slain by a phantom (1 damage)
             ... on level 2 of the Dungeon.
             The game lasted 00:03:47 (3408 turns).

KoroneIsBestGirl the Chiller (BaIE)                 Turns: 3408, Time: 00:03:48

Health: 0/35       AC:  2    Str:  9    XL:     5   Next: 46%
Magic:  8/10       EV: 10    Int: 16    God:
Gold:   61         SH:  0    Dex: 13    Spells: 6/10 levels left

rFire   . . .      SeeInvis .   g - +2 demon trident (flame)
rCold   . . .      Faith    .   (no shield)
rNeg    . . .      Spirit   .   a - +0 robe
rPois   .          Reflect  .   (no helmet)
rElec   .          Harm     .   (no cloak)
rCorr   .          Rampage  .   (no gloves)
Will    .....                   (no boots)
Stlth   ++........              (no amulet)
HPRegen 0.11/turn               (no ring)
MPRegen 0.12/turn               (no ring)

@: lethally poisoned (0 -> -5), unable to hop, flying, constricted, slow
A: amphibious, slowness 1, strong legs 1, +LOS
a: Hop


You were on level 2 of the Dungeon.
You visited 1 branch of the dungeon, and saw 3 of its levels.

You collected 61 gold pieces.

Inventory:

Hand Weapons
 g - a +2 demon trident of flaming (weapon)
Armour
 a - a +0 robe (worn)
Magical Staves
 b - a staff of conjuration
Jewellery
 i - a ring of poison resistance
Scrolls
 c - a scroll of teleportation {unknown}
 e - a scroll of magic mapping {unknown}
Potions
 d - a potion of attraction


   Skills:
 + Level 1.8 Polearms
 + Level 3.6 Dodging
 - Level 1.7 Stealth
 + Level 3.4 Spellcasting
 + Level 5.8 Ice Magic


You had 6 spell levels left.
You knew the following spells:

 Your Spells              Type           Power      Damage    Failure   Level
a - Freeze                Ice            84%        1d10      1%          1
b - Frozen Ramparts       Ice            42%        1d6       4%          3

Your spell library contained the following spells:

 Spells                   Type           Power      Damage    Failure   Level
 Ozocubu's Armour         Ice            21%        N/A       4%          3
 Hailstorm                Conj/Ice       12%        3d5       47%         4


Dungeon Overview and Level Annotations

Branches:
Dungeon (3/15)

Altars:

Shops:
D:1 (!


Innate Abilities, Weirdness & Mutations

You are amphibious.
You cover ground slowly.
You can hop short distances.
You have an extended range of vision and can be seen from far away.


Message History

Casting: Frozen Ramparts (dangerous; 4% risk of failure)
Confirm with . or Enter, or press ? or * to list all spells.
Casting: Frozen Ramparts (dangerous; 4% risk of failure)
Press: ? - help, Dir - look around, f - activate The walls around you are covered in ice.
The phantom resists.
The wall freezes the phantom.
The phantom completely misses you.
You closely miss the phantom.
The phantom is severely damaged.
The phantom resists.
The wall freezes the phantom.
The phantom hits you!
* * * LOW HITPOINT WARNING * * *
The phantom blinks!
You blink.
The frozen ramparts melt away as you move.
A ball python, an adder and a goblin come into view.
Found 21 bolts and a book of Dreams.
Found a stone staircase leading up.
Hop to where?
Press: ? - help, Dir - move target A worm comes into view.
Found a book of Geomancy and 10 stones.
Boing!
The goblin shouts!
The adder hisses angrily.
The ball python hisses angrily.
Found a stone staircase leading down.
The adder barely misses you. The adder closely misses you.
There is a stone staircase leading up here.
The adder bites you.
* * * LOW HITPOINT WARNING * * *
The phantom closely misses you. The ball python closely misses you. x2
You fly upwards.
There is a stone staircase leading down here.
As you read the scroll labelled YNWECH ZIGUEPS, it crumbles to dust.
It is a scroll of amnesia.
Really abort (and waste the scroll)?
Really abort (and waste the scroll)?
Okay, then.
The adder bites you.
* * * LOW HITPOINT WARNING * * *
You are lethally poisoned!
The adder poisons you! The ball python closely misses you.
The ball python grabs you. The ball python constricts you.
The phantom hits you.
You die...

## ######
.#####.##.#####################
.......##..(..................#
.#####.##.###################.#
.# #.##.#.......#####.....#.###
## #.##.#.####.<....#.........#
#†##.#†# #...###.#####.#(#.#
#.##.#.# #W.S..........#.#.#
#.##.#.####@S.######.###)#)#
#.##.#.................#.#.#
#.##....##.#.####..#.#.#.#.#
#.##.#####...........#.#.#.#
####
#.##.#######...#.#.#.#.#....
...#
#.##.................#.#####
.#.# #.##..######.........#.#
##.###.##..#........#.###.#.#
....##.##..#.####.#.#.# #.#.#


You could see a phantom, an adder and a ball python.

Vanquished Creatures
  An orc priest (D:3)
  A centaur skeleton (D:3)
  4 adders
  A worm (D:2)
  2 dart slugs (D:2)
  4 orcs (D:3)
  3 ball pythons
  6 endoplasms
  2 giant cockroaches (D:1)
  6 goblins
  7 hobgoblins
  2 jackals (D:2)
  4 kobolds
  7 bats
  5 frilled lizards
  7 rats
62 creatures vanquished.

Notes
Turn   | Place    | Note
-------+----------+-------------------------------------------
     0 | D:1      | KoroneIsBestGirl the Barachi Ice Elementalist began the
                  | quest for the Orb.
     0 | D:1      | Reached XP level 1. HP: 13/13 MP: 3/3
   107 | D:1      | Found Inept's Weapon Shop.
   149 | D:1      | Reached skill level 5 in Ice Magic
   149 | D:1      | Reached XP level 2. HP: 19/19 MP: 3/5
   353 | D:1      | Found Cazu's Distillery.
  1083 | D:2      | Reached XP level 3. HP: 24/24 MP: 7/7
  2072 | D:1      | Learned a level 3 spell: Frozen Ramparts
  2327 | D:2      | Reached skill level 1 in Polearms
  2327 | D:2      | Reached XP level 4. HP: 30/30 MP: 8/8
  2803 | D:3      | Noticed a phantom
  2870 | D:3      | HP: 1/30 [poisoned by an adder]
  3098 | D:3      | Found a faded altar of an unknown god.
  3152 | D:3      | Reached XP level 5. HP: 15/35 MP: 9/9
  3408 | D:2      | HP: 1/35 [adder (2)]
  3408 | D:2      | Slain by a phantom

Illustrated notes

Levels and vault maps discovered:
D:1:      giann_wishing_wells, layout_basic, serial_shops, shop, shop,
          glass_columns_a
D:2:      layout_basic, st_stairs_8
D:3:      minmay_inner_zag, layout_rooms, hellmonk_ecumenical_altar_arch_garden,
          kennysheep_generic_room_3

Skill      XL: |  1  2  3  4 |
---------------+-------------+-----
Ice Magic      | 5 |  5.8
Dodging        | 3 |  3.6
Polearms       | 1 |  1.8
Spellcasting   | 3 |  3.4
Stealth        | |  1.7

Action                   |  1- 3 |  4- 6 || total
-------------------------+-------+-------++-------
Melee: Staff             |     6 |       ||     6
       Demon trident     |    43 |    49 ||    92
 Cast: Freeze            |    27 |       ||    27
       Frozen Ramparts   |     1 |     3 ||     4
 Abil: Hop               |     1 |     1 ||     2
  Use: Potion            |       |     3 ||     3
       Scroll            |       |     1 ||     1
 Stab: Sleeping          |     3 |     3 ||     6
       Distracted        |       |     1 ||     1
Armor: Robe              |    14 |     7 ||    21
Dodge: Dodged            |    43 |    43 ||    86

Table legend: (Time is in decaauts)
 A = Elapsed time spent in this place.
 B = Non-inter-level travel time spent in this place.
 C = Inter-level travel time spent in this place.
 D = Time resting spent in this place.
 E = Time spent auto-exploring this place.
 F = Levels seen in this place.
 G = Mean time per level.
                   A        B        C        D        E       F      G
               +--------+--------+--------+--------+--------+-----+--------+
         Total |   3717 |   3635 |     82 |    539 |   2668 |   3 | 1239.0 |
       Dungeon |   3717 |   3635 |     82 |    539 |   2668 |   3 | 1239.0 |
               +--------+--------+--------+--------+--------+-----+--------+

Top non-repeatable levels by time:
     D:1: 1650 daAuts
     D:2: 1486 daAuts
     D:3: 581 daAuts
